 Dungeon Crawl Stone Soup version 0.25-a0-766-g0ecfff5982 (webtiles) character file.

Game seed: 2562278979433650278, levelgen mode: deterministic

5610 MisterFreud the Nimble (level 10, -9/76 HPs)
             Began as a Felid Berserker on Apr 13, 2020.
             Was a High Priest of Trog.
             Mangled by a komodo dragon (14 damage)
             ... on level 3 of the Lair of Beasts.
             The game lasted 00:31:45 (15912 turns).

MisterFreud the Nimble (Felid Berserker)           Turns: 15912, Time: 00:31:46

Health: -9/76      AC:  2    Str: 13    XL:     10   Next: 45%
Magic:  27/27      EV: 29    Int:  9    God:    Trog [*****.]
Gold:   665        SH:  0    Dex: 19    Spells: 9/9 levels left
                                        Lives:  0   Deaths: 3

rFire    . . .     SeeInvis +     - Unarmed
rCold    . . .     Gourm    .   (shield unavailable)
rNeg     . . .     Faith    .   (armour unavailable)
rPois    .         Spirit   .   (helmet unavailable)
rElec    .         Reflect  .   (cloak unavailable)
rCorr    .         Harm     .   (gloves unavailable)
MR       +....                  (boots unavailable)
Stlth    ..........             (no amulet)
HPRegen  0.22/turn              q - ring of magical power
MPRegen  0.20/turn              (no ring)

@: berserking, very quick
A: very small, no armour, no weapons or thrown items, stealth, claws 1, fangs 3,
see invisible, carnivore, speed 1, shaggy fur 2, slow metabolism 1, sharp paws
a: Berserk, Trog's Hand, Brothers in Arms, Renounce Religion


You were on level 3 of the Lair of Beasts.
You worshipped Trog.
Trog was extremely pleased with you.
You were not hungry.

You visited 3 branches of the dungeon, and saw 15 of its levels.

You collected 879 gold pieces.
You spent 214 gold pieces at shops.

Inventory:

Jewellery
 m - an uncursed ring of flight {unknown}
 q - a ring of magical power (left paw)
 s - an uncursed ring of ice
 B - an uncursed amulet of harm
Wands
 e - a wand of acid (29)
 u - a wand of enslavement (12)
 v - a wand of disintegration (8)
 y - a wand of paralysis (5)
 z - a wand of iceblast (22)
Scrolls
 b - 5 scrolls of teleportation
 n - 5 scrolls of fog
 o - 2 scrolls of magic mapping
 p - 3 scrolls of immolation
 r - 5 scrolls of remove curse
 t - 2 scrolls of identify
Potions
 c - a potion of brilliance
 d - 2 potions of lignification
 f - 2 potions of mutation
 g - 3 potions of might
 h - 3 potions of flight
 i - a potion of berserk rage
 j - 2 potions of stabbing
 k - 2 potions of curing
 l - 6 potions of heal wounds
 x - a potion of haste
Miscellaneous
 w - a box of beasts
 A - a phial of floods
Comestibles
 a - 23 rations


   Skills:
 + Level 10.1 Fighting
 - Level 12.0 Dodging
 - Level 10.0 Stealth
 - Level 10.0 Unarmed Combat
 - Level 10.0 Evocations


You had 9 spell levels left.
You didn't know any spells.
Your spell library was empty.

Dungeon Overview and Level Annotations

Branches:
Dungeon (11/15)            Temple (0/1) D:5            Lair (3/6) D:9
  Snake (1/4) Lair:2          Orc (0/2) D:9
  Swamp: Lair:2-4    Shoals: Lair:2-4

Altars:
Dithmenos
Gozag
Qazlal
Ru
Sif Muna
Uskayaw

Shops:
D:4 !   D:5 !   D:9 (   Snake:1 =

Portals:
Trove: D:11 (give 12 potions of heal wounds)

Annotations:
Lair:3 3 runed translucent doors, Naannir's ghost, journeyman SpAs; Sygruoh's ghost, journeyman TeAE


Innate Abilities, Weirdness & Mutations

You cannot wear armour.
You are incapable of wielding weapons or throwing items.
Your paws allow you to move quietly. (Stealth)
You have sharp claws.
You have razor-sharp teeth.
You have supernaturally acute eyesight. (SInv)
You are carnivorous and can eat meat at any time.
You cover ground quickly.
You are covered in thick fur. (AC +2)
You have a slow metabolism.
Your sharp claws are effective at attacking unaware monsters.


Message History

* * * LOW HITPOINT WARNING * * *
You are too injured to fight recklessly!
You are too injured to fight recklessly!
You are too injured to fight recklessly!
You are too injured to fight recklessly!
You claw the komodo dragon!
The komodo dragon is heavily wounded.
You claw the komodo dragon!
The komodo dragon is severely wounded.
The komodo dragon closely misses you.
You claw the komodo dragon!
The komodo dragon is almost dead.
The komodo dragon misses you. x2
You claw the komodo dragon!
You kill the komodo dragon!
Trog accepts your kill.
You claw the komodo dragon!
The komodo dragon is lightly wounded.
The komodo dragon bites you!
You die...

#..# ##..# #...#
...###...# #..## ....
#...##...###...# ....
...##.#..##...## ...#
....##...##....# ...# .
...###...###...###..##..
...# ######....#P.......
#..# [#.....†l..# #..#
.W.#.....@...# ...#
...#...#.....# #..#
....+....###..# #..#
....+...# ..... #..#
....+...# ...... ...#
...#...## ...... ...#
W.#....# ..#... ....#
.#P..P# ..##.. #..##
######...###...#


You could see a komodo dragon.

Vanquished Creatures
  A two-headed ogre (D:11)
  A catoblepas (Lair:2)
  An ugly thing (D:11)
  A guardian serpent (D:11)
  3 black mambas (Lair:2)
  3 spiny frogs
  A naga mage (Snake:1)
  A rime drake (Lair:1)
  3 komodo dragons
  2 trolls (D:11)
  Prince Ribbit (D:9)
  3 blink frogs (Lair:2)
  7 hippogriffs
  4 yaks (D:8)
  7 water moccasins
  2 soldier ants (D:9)
  Duvessa (D:3)
  5 sky beasts
  A porcupine (Lair:3)
  4 ice beasts
  3 phantoms
  4 orc warriors
  An eye of draining (D:9)
  3 black bears
  8 centaurs
  7 ogres
  5 crocodiles
  2 big kobolds
  5 bullfrogs
  3 wyvern skeletons
  Dowan (D:4)
  5 scorpions
  3 killer bees (D:9)
  3 electric eels (Lair:1)
  2 howler monkeys
  3 wights (D:9)
  A jelly (D:9)
  2 bullfrog zombies
  3 crimson imps (D:11)
  6 hounds
  A quasit (D:10)
  10 orc wizards
  A gnoll shaman (D:4)
  6 orc priests
  3 iguanas
  2 bullfrog skeletons
  2 centaur skeletons
  11 worker ants
  A hound zombie (D:9)
  2 howler monkey zombies
  Robin (D:4)
  12 gnolls
  23 adders
  A shadow imp (D:6)
  2 adder zombies
  2 adder skeletons
  4 worms
  3 dart slugs
  10 leopard geckos
  34 orcs
  10 bats
  3 giant cockroaches
  16 goblins
  11 hobgoblins
  10 jackals
  17 kobolds
  2 quokkas
  6 ball pythons
  6 frilled lizards
  5 rats
339 creatures vanquished.

Vanquished Creatures (others)
  3 fungi (Lair:2)
  A plant (D:9)
4 creatures vanquished.

Grand Total: 343 creatures vanquished

Notes
Turn   | Place    | Note
-------+----------+-------------------------------------------
     0 | D:1      | MisterFreud the Felid Berserker began the quest for the
                  | Orb.
     0 | D:1      | Reached XP level 1. HP: 10/10 MP: 2/2
    64 | D:1      | Reached XP level 2. HP: 14/14 MP: 3/3
   192 | D:1      | Reached ** piety under Trog
   330 | D:1      | Reached XP level 3. HP: 16/18 MP: 4/4
   915 | D:2      | Found a shimmering blue altar of Sif Muna.
   993 | D:2      | Reached skill level 5 in Fighting
   993 | D:2      | Reached XP level 4. HP: 23/23 MP: 5/5
  1367 | D:2      | Reached skill level 1 in Stealth
  1380 | D:2      | Reached *** piety under Trog
  1916 | D:3      | Reached XP level 5. HP: 26/26 MP: 6/6
  2158 | D:3      | Found an opulent altar of Gozag.
  2668 | D:3      | Noticed an ogre
  2676 | D:3      | Killed an ogre
  2676 | D:3      | Reached skill level 5 in Dodging
  2676 | D:3      | Gained mutation: You are covered in thick fur. (AC +2)
                  | [Felid growth]
  2676 | D:3      | Reached XP level 6. HP: 13/30 MP: 7/7
  3057 | D:4      | Noticed Dowan
  3063 | D:4      | Noticed Duvessa
  3076 | D:4      | Killed Dowan
  3197 | D:4      | Found a stormy altar of Qazlal.
  3413 | D:3      | Killed Duvessa
  3413 | D:3      | Reached skill level 6 in Dodging
  3497 | D:4      | Reached XP level 7. HP: 28/33 MP: 8/8
  3507 | D:4      | Reached skill level 5 in Stealth
  3737 | D:4      | You fall into a shaft and drop 3 floors!
  3754 | D:8      | Reached skill level 5 in Unarmed Combat
  3883 | D:8      | Reached skill level 7 in Dodging
  4003 | D:6      | Slain by a bullfrog
  4004 | D:6      | Reached XP level 6. HP: 0/45 MP: 7/7
  4129 | D:6      | Reached skill level 8 in Dodging
  4328 | D:6      | Noticed an orc warrior
  4329 | D:6      | Reached XP level 7. HP: 33/33 MP: 8/8
  4387 | D:6      | Found a shadowy altar of Dithmenos.
  4500 | D:6      | Reached skill level 9 in Dodging
  4536 | D:6      | Reached **** piety under Trog
  4749 | D:5      | Entered Level 5 of the Dungeon
  5002 | D:4      | Found Aduefic's Distillery.
  5046 | D:4      | Bought a potion of curing for 42 gold pieces
  5046 | D:4      | Bought a potion of lignification for 42 gold pieces
  5046 | D:4      | Bought a potion of heal wounds for 70 gold pieces
  5061 | D:4      | Reached XP level 8. HP: 34/38 MP: 9/9
  5419 | D:4      | Noticed Robin
  5454 | D:4      | Killed Robin
  6114 | D:5      | Found a staircase to the Ecumenical Temple.
  6248 | D:5      | Found Deic's Distillery.
  6251 | D:5      | Bought a potion of heal wounds for 60 gold pieces
  7013 | D:7      | Reached ***** piety under Trog
  7023 | D:7      | Reached skill level 1 in Evocations
  7157 | D:7      | Reached skill level 10 in Dodging
  7257 | D:7      | Found a sacrificial altar of Ru.
  7372 | D:8      | Reached XP level 9. HP: 24/42 MP: 11/11
  8439 | D:9      | Reached skill level 11 in Dodging
  8564 | D:9      | Found a hide-covered altar of Uskayaw.
  8620 | D:9      | Found a staircase to the Orcish Mines.
  9285 | D:9      | Reached XP level 10. HP: 48/48 MP: 14/14
  9345 | D:9      | Noticed Prince Ribbit
  9412 | D:9      | Killed Prince Ribbit
  9465 | D:9      | Found Dughilus's Weapon Emporium.
  9524 | D:9      | Found a staircase to the Lair.
  9598 | D:9      | Reached skill level 5 in Evocations
  9989 | D:10     | Entered Level 10 of the Dungeon
 10081 | D:10     | Reached skill level 12 in Dodging
 11073 | D:11     | Found a portal to a secret trove of treasure.
 11535 | D:11     | Noticed a green ugly thing
 11547 | D:11     | Killed a green ugly thing
 11658 | D:11     | Reached XP level 11. HP: 52/52 MP: 16/16
 11907 | D:11     | Noticed a two-headed ogre
 11912 | D:11     | Killed a two-headed ogre
 11912 | D:11     | Reached skill level 10 in Stealth
 12672 | Lair:1   | Entered Level 1 of the Lair of Beasts
 12687 | Lair:1   | You fall into a shaft and drop 1 floor!
 12980 | Lair:2   | Found a staircase to the Snake Pit.
 13545 | Lair:1   | Reached skill level 10 in Unarmed Combat
 14382 | Lair:2   | Noticed a catoblepas
 14395 | Lair:2   | Reached skill level 10 in Fighting
 14517 | Lair:2   | HP: 2/81 [catoblepas/blast of calcifying dust (7)]
 14523 | Lair:2   | Killed from afar by a catoblepas
 14524 | Lair:2   | Reached XP level 10. HP: -6/51 MP: 26/26
 14578 | Lair:2   | Noticed a black mamba
 14597 | Lair:2   | Killed a black mamba
 14625 | Lair:2   | Killed a black mamba
 14890 | Lair:2   | Killed from afar by a catoblepas
 14891 | Lair:2   | Reached XP level 9. HP: 0/46 MP: 25/25
 14954 | Lair:2   | Killed a catoblepas
 14954 | Lair:2   | Reached XP level 10. HP: 51/51 MP: 18/18
 15618 | Snake:1  | Entered Level 1 of the Snake Pit
 15618 | Snake:1  | Found Valoireb's Jewellery Boutique.
 15618 | Snake:1  | Noticed a naga mage
 15620 | Snake:1  | Killed a naga mage
 15678 | Lair:3   | Found a runed translucent gate.
 15697 | Lair:3   | Noticed a spiny frog
 15707 | Lair:3   | Killed a spiny frog
 15897 | Lair:3   | Found a runed translucent gate.
 15898 | Lair:3   | Found a runed translucent gate.
 15900 | Lair:3   | Noticed Naannir's ghost (journeyman SpAs)
 15901 | Lair:3   | Noticed Sygruoh's ghost (journeyman TeAE)
 15902 | Lair:3   | Reached skill level 10 in Evocations
 15912 | Lair:3   | Mangled by a komodo dragon

Levels and vault maps discovered:
D:1:      scummos_arrival_star, layout_loops_cross, minmay_pentomino_q2
D:2:      layout_basic, led_sif_pool
D:3:      layout_basic, lemuel_doored_altar, first_ration
D:4:      layout_cave_pods, serial_shops, nicolae_shop_waterfront,
          hangedman_abyss_or_decor_stabs, grunt_qazlal_sundering, uniq_robin,
          uniq_duvessa
D:5:      layout_basic, temple_doors_e, serial_shops, kennysheep_mini,
          grunt_ministairs_10
D:6:      lemuel_ice_spiral_2, layout_basic, grunt_dithmenos_smoke
D:7:      layout_cave_pools, nicolae_ru_the_path_less_chosen, enter_bailey_2,
          hangedman_decor_clover_reticule
D:8:      layout_basic
D:9:      layout_loops_corners, nicolae_overflow_crystal_walls,
          david_lair_shrubbed, david_orc_3, serial_shops, shop,
          hangedman_pestilent_swarm, uniq_prince_ribbit1
D:10:     layout_basic
D:11:     layout_stronghold, nicolae_trove_entry_free_sample,
          nrook_guardian_serpent_double
Lair:1:   layout_layer_cave, st_stairs_7, grunt_megastairs_5,
          serial_bayou_shore_a, infiniplex_staircase_pool
Lair:2:   layout_cave_pods, minmay_snake_entry_six_corridors, st_stairs_4,
          columned_hall_lemuel, minmay_hedge_maze
Lair:3:   layout_long_grid, palyth_hydra_swamp_entry, gammafunk_ghost_cemetery,
          patterned_corridor
Snake:1:  layout_cave_pods, serial_shops, shop_coins, nicolae_shop_crystal,
          drop_trap

Skill      XL: |  1  2  3  4  5  6  7  8  9 10 11 |
---------------+----------------------------------+-----
Fighting       | 4 5 6 7 8 10 | 10.1
Stealth        | 2 3 4 6 7 8 9 10 | 10.0
Dodging        | 5 8 9 10 11 12 | 12.0
Unarmed Combat | 4 5 6 7 8 10 | 10.0
Evocations     | 1 9 10 8 | 10.0

Action                   |  1- 3 |  4- 6 |  7- 9 | 10-12 || total
-------------------------+-------+-------+-------+-------++-------
Melee: Unarmed           |    91 |   138 |   416 |   395 ||  1040
       Bite              |    13 |    10 |    39 |    51 ||   113
       Punch             |     2 |     2 |    15 |    12 ||    31
Invok: Berserk           |     6 |     9 |    18 |    23 ||    56
       Trog's Hand       |       |     3 |     3 |    11 ||    17
Evoke: Wand              |       |       |       |     2 ||     2
  Use: Scroll            |       |     7 |     7 |     6 ||    20
       Potion            |       |       |     1 |     1 ||     2
 Stab: Sleeping          |     2 |    12 |    31 |    34 ||    79
       Petrified         |       |       |       |     2 ||     2
  Eat: Chunk             |     9 |    19 |    30 |    43 ||   101
Armor: Skin              |     4 |     4 |    17 |     7 ||    32
Dodge: Dodged            |    85 |    96 |   307 |   352 ||   840

Table legend:
 A = Non-vault XP
 B = Vault XP
 C = Vault XP percentage of total XP
 D = Non-vault monster count
 E = Vault monster count
 F = Vault count percentage of total count
                 A         B        C        D         E       F
            +---------+---------+-------+---------+---------+-------
      Total |   17231 |    5638 |  24.7 |     288 |      51 |  15.0
            +---------+---------+-------+---------+---------+-------
        D:1 |      49 |       3 |   5.8 |      26 |       2 |   7.1
        D:2 |     102 |       0 |   0.0 |      24 |       0 |   0.0
        D:3 |     264 |     147 |  35.8 |      28 |       1 |   3.4
        D:4 |     448 |     106 |  19.1 |      16 |      13 |  44.8
        D:5 |     324 |      16 |   4.7 |      18 |       2 |  10.0
        D:6 |     964 |       0 |   0.0 |      18 |       0 |   0.0
        D:7 |     662 |       0 |   0.0 |      12 |       0 |   0.0
        D:8 |    1443 |     175 |  10.8 |      27 |       2 |   6.9
        D:9 |    2079 |    1011 |  32.7 |      34 |       9 |  20.9
       D:10 |    1824 |       0 |   0.0 |      31 |       0 |   0.0
       D:11 |    4856 |     470 |   8.8 |      35 |       1 |   2.8
     Lair:1 |     421 |     631 |  60.0 |       5 |       2 |  28.6
     Lair:2 |    2439 |    3079 |  55.8 |      10 |      19 |  65.5
     Lair:3 |     940 |       0 |   0.0 |       3 |       0 |   0.0
    Snake:1 |     416 |       0 |   0.0 |       1 |       0 |   0.0
            +---------+---------+-------+---------+---------+-------
